 Dungeon Crawl Stone Soup version 0.30-a0-782-ge64f9170bb (webtiles) character file.

Game seed: 15444304799238757641

77973 HoaS the Marksdemigod (level 14, -2/130 HPs)
             Began as a Demigod Hunter on Mar 4, 2023.
             Slain by an orc warlord
             ... wielding a +2 antimagic bardiche
              (27 damage)
             ... on level 1 of the Orcish Mines.
             The game lasted 00:38:28 (16483 turns).

HoaS the Marksdemigod (Demigod Hunter)             Turns: 16483, Time: 00:38:29

Health: -2/130     AC: 18    Str: 12    XL:     14   Next: 76%
Magic:  0/17       EV: 28    Int:  9    God:
Gold:   1125       SH:  0    Dex: 33    Spells: 13/13 levels left

rFire   . . .      SeeInvis .    y - +2 arbalest (heavy)
rCold   . . .      Faith    .    (shield currently unavailable)
rNeg    . . .      Spirit   .    c - +0 leather armour
rPois   .          Reflect  .    u - +2 helmet
rElec   .          Harm     .    a - +1 cloak
rCorr   .          Rampage  .    C - +1 pair of gloves {Stlth+}
Will    +....                    t - +1 pair of boots
Stlth   ++++                     G - amulet of regeneration
HPRegen 1.21/turn                j - +4 ring of protection
MPRegen 0.15/turn                P - +4 ring of protection

@: studying Fire Magic, unable to drink
A: high MP 1, forlorn, divine attributes, deformed body, dopey 1, inability to
drink after injury 1
a: no special abilities


You were on level 1 of the Orcish Mines.
You visited 3 branches of the dungeon, and saw 20 of its levels.
You also visited: Ossuary and Gauntlet.

You collected 1291 gold pieces.
You spent 166 gold pieces at shops.

Inventory:

Hand Weapons
 y - a +2 heavy arbalest (weapon)
Missiles
 z - 2 throwing nets
Armour
 a - a +1 cloak (worn)
 c - a +0 leather armour (worn)
 i - the +1 ring mail of Past Mistakes {rF++ Str+7 Int-3}
   (You found it in a Gauntlet)

   Str:       It affects your strength (+7).
   Int:       It affects your intelligence (-3).
   rF:        It greatly protects you from fire.
 m - a +3 scale mail of cold resistance
 p - a +4 ring mail
 t - a +1 pair of boots (worn)
 u - a +2 helmet (worn)
 C - a +1 pair of gloves of stealth (worn)
Jewellery
 j - a +4 ring of protection (left hand)
 o - a ring of resist corrosion
 G - an amulet of regeneration (around neck)
 I - a +6 ring of dexterity
 M - a ring of protection from fire
 P - a +4 ring of protection (right hand)
 R - a ring of protection from fire
Wands
 k - a wand of polymorph (24)
 q - a wand of charming (8)
 A - a wand of quicksilver (9)
 D - a wand of flame (34)
 F - a wand of digging (9)
 J - a wand of iceblast (11)
Scrolls
 b - 3 scrolls of immolation
 g - 8 scrolls of poison
 s - 7 scrolls of teleportation
 w - 2 scrolls of silence
 x - 4 scrolls of blinking
 H - a scroll of magic mapping
 K - 2 scrolls of brand weapon
 L - 4 scrolls of identify
 N - 2 scrolls of summoning
Potions
 d - 7 potions of flight
 e - 5 potions of haste
 f - 3 potions of curing
 h - 3 potions of lignification
 l - a potion of resistance
 n - 3 potions of cancellation
 r - 3 potions of mutation
 v - 3 potions of heal wounds
 B - 3 potions of invisibility
 E - 4 potions of attraction


   Skills:
 + Level 13.7 Fighting
 - Level 18.0 Ranged Weapons
 + Level 13.6 Dodging
 - Level 0.8 Stealth


You had 13 spell levels left.
You didn't know any spells.
Your spell library contained the following spells:

 Spells                   Type           Power      Damage    Failure   Level
 Apportation              Tloc           0%         N/A       45%         1
 Beastly Appendage        Tmut           0%         N/A       45%         1
 Magic Dart               Conj           0%         1d3       45%         1
 Shock                    Conj/Air       0%         1d3       45%         1
 Call Imp                 Summ           0%         N/A       61%         2
 Cigotuvi's Dreadful Rot  Necr/Pois/Air  0%         N/A       61%         2
 Wereblood                Tmut           0%         N/A       61%         2
 Hailstorm                Conj/Ice       0%         3d3       83%         3
 Mephitic Cloud           Conj/Pois/Air  0%         N/A       83%         3
 Spider Form              Tmut/Pois      0%         N/A       83%         3
 Swiftness                Air            0%         N/A       83%         3
 Airstrike                Air            0%         2d(0-16)  99%         4
 Dispel Undead            Necr           0%         3d6       99%         4
 Flame Wave               Conj/Fire      0%         2d4       99%         4
 Ice Form                 Ice/Tmut       0%         N/A       99%         4
 Summon Ice Beast         Ice/Summ       0%         N/A       99%         4
 Summon Lightning Spire   Summ/Air       0%         N/A       99%         4
 Alistair's Intoxication  Tmut/Pois      0%         N/A       100%        5
 Blade Hands              Tmut           0%         N/A       100%        5
 Irradiate                Conj/Tmut      0%         3d11      100%        5
 Lightning Bolt           Conj/Air       0%         1d11      100%        5
 Summon Forest            Summ/Tloc      0%         N/A       100%        5
 Summon Mana Viper        Hex/Summ       0%         N/A       100%        5
 Death Channel            Necr           0%         N/A       100%        6
 Eringya's Noxious Bog    Tmut/Pois      0%         N/A       100%        6
 Simulacrum               Ice/Necr       0%         N/A       100%        6
 Dragon Form              Tmut           0%         N/A       100%        7
 Monstrous Menagerie      Summ           0%         N/A       100%        7
 Storm Form               Tmut/Air       0%         N/A       100%        7
 Summon Hydra             Summ           0%         N/A       100%        7
 Borgnjor's Revivificati  Necr           0%         N/A       100%        8
 Maxwell's Capacitive Co  Air            0%         ∞         100%        8


Dungeon Overview and Level Annotations

Branches:
Dungeon (14/15)            Temple (0/1) D:5            Lair (5/5) D:8
 Shoals (0/4) Lair:3        Snake (0/4) Lair:3        Slime (0/5) Lair:4
    Orc (1/2) D:12        Ossuary (visited)         Gauntlet (visited)
 Vaults: D:13-14

Shops:
D:1 (   D:4 *   D:9 [   D:11 *   Orc:1 *

Portals:
Abyss: Lair:5


Innate Abilities, Weirdness & Mutations

You have an increased reservoir of magic. (+10% MP)
You shall have no god before yourself.
Your divine heritage dramatically boosts your attributes as you level up.
Armour fits poorly on your strangely shaped body.
You are dopey. (Int -2)
You occasionally lose the ability to drink potions when taking damage.


Message History

The orc warrior closely misses you. The orc closely misses you.
The ice devil completely misses you.
The orc warlord hits you but does no damage.
The orc hits you but does no damage. The orc priest misses you.
The orc warrior closely misses you. The orc sorcerer closely misses you.
The orc warrior barely misses you. The orc misses you.
The ice devil misses you.
The orc sorcerer no longer looks unusually strong.
The orc warrior no longer looks unusually strong.
The orc warlord roars a battlecry!
The orcs go into a battle-frenzy!
The orc completely misses you.
The orc sorcerer hits you with a +0 dagger.
The orc warrior misses you. The ice devil hits you. The ice devil freezes you!
The smoke demon gestures at you. Something smites you!
The orc warlord hits you but does no damage.
The orc completely misses you.
The orc priest mumbles some strange prayers to Beogh against you.
Pain shoots through your body! The orc sorcerer completely misses you.
The orc warrior misses you. The orc completely misses you.
The ice devil hits you but does no damage.
The orc no longer looks unusually strong.
The orc warlord roars a battlecry!
The orc goes into a battle-frenzy!
The orc completely misses you. The orc priest misses you.
The orc warrior completely misses you.
The orc sorcerer hits you with a +0 dagger.
The orc warrior completely misses you. The orc completely misses you.
The ice devil barely misses you.
The orc warlord hits you from afar with a +2 antimagic bardiche!
* * * LOW HITPOINT WARNING * * *
You feel your power leaking away. The orc completely misses you.
The orc warrior completely misses you.
The orc sorcerer hits you but does no damage.
The orc warrior completely misses you. The orc hits you but does no damage.
The ice devil barely misses you.
The orc warlord hits you from afar with a +2 antimagic bardiche!!
You feel threatened and lose the ability to drink potions!
You die...

.##.. ##......##.. ##$#..^
∩.... .. ##.....##.... ... #..
##.#....##..# ..... ##..
#...#3#.....##......
#....##...oo...............
#...###.o@o{..............
#...#..4oo.......[.......
##.#.#....o.....$........ #
#..^..................... ##.
##............._..........
#...#.........................
##.#...................†..$...
...............#........$......
............#.........>..).$...


You could see an orc warlord, an ice devil (summoned), a smoke demon (summoned),
an orc sorcerer (strong), 2 orc warriors, an orc priest (strong) and 2 orcs.

Vanquished Creatures
  Gastronok (Lair:2)
  A minotaur (Gauntlet)
  5 hydras
  3 boulder beetles
  2 two-headed ogres (D:10)
  The ghost of p0werm0de the Trooper, a novice DrFi of Okawaru (D:9)
  2 thrashing horrors (Lair:5)
  Amaemon (Lair:2)
  A sixfirhy (Gauntlet)
  A skyshark (Lair:5)
  A lindwurm (Lair:3)
  A deep elf pyromancer (D:12)
  A harpy (Lair:3)
  3 ugly things
  3 cyclopes
  A manticore (D:12)
  Maurice (D:9)
  An ice statue (Gauntlet)
  16 elephants
  6 black mambas
  11 cane toads
  A gargoyle (D:11)
  3 smoke demons (Lair:5)
  An orange demon (Lair:2)
  2 kobold demonologists (D:10)
  3 rime drakes
  7 komodo dragons
  An unseen horror (D:11)
  An ancient zyme (Lair:5)
  2 trolls
  25 blink frogs
  A spriggan (Lair:5)
  Sigmund (D:4)
  4 shadows
  2 ynoxinuls (Lair:5)
  3 wyverns
  40 yaks
  A steam dragon (D:8)
  6 basilisks
  4 wraiths
  5 vampire mosquitoes
  Eustachio (D:5)
  2 chaos spawn (Lair:5)
  2 wargs
  Menkaure (Ossuary)
  4 large abominations (Lair:5)
  3 nagas (Lair:3)
  10 small abominations (Lair:5)
  11 water moccasins
  Duvessa (D:4)
  5 orc warriors
  3 sky beasts
  A black bear (D:6)
  6 centaurs
  16 wolves
  A phantom (D:5)
  12 bullfrogs
  A gnoll sergeant (D:9)
  2 kobold brigands
  2 scorpions
  3 necrophages
  6 wights
  Dowan (D:4)
  14 killer bees
  4 electric eels
  3 howler monkeys
  6 centaur zombies
  2 jellies
  9 hounds
  9 orc priests
  2 iguanas
  Ijyb (D:3)
  Terence (D:3)
  Natasha (twice) (D:4)
  12 orc wizards
  6 hell rats (Lair:3)
  An ogre zombie (Ossuary)
  6 mummies (Ossuary)
  6 adders
  8 gnolls
  2 white imps (D:6)
  4 ufetubi (Gauntlet)
  5 adder zombies (Ossuary)
  2 worms
  A dart slug (D:5)
  40 orcs
  5 bats
  11 endoplasms
  2 giant cockroaches
  3 goblins
  8 hobgoblins
  8 jackals
  3 quokkas
  5 ball pythons
  3 frilled lizards
  A gnoll zombie (Ossuary)
  4 goblin zombies (Ossuary)
  7 hobgoblin zombies (Ossuary)
  19 kobolds
  6 kobold zombies (Ossuary)
  9 rats
  2 rat zombies (Ossuary)
  2 plants (Lair:4)
514 creatures vanquished.

Vanquished Creatures (collateral kills)
  A blink frog (Lair:3)
1 creature vanquished.

Vanquished Creatures (others)
  12 fungi
  29 plants
41 creatures vanquished.

Grand Total: 556 creatures vanquished

Notes
Turn   | Place    | Note
-------+----------+-------------------------------------------
     0 | D:1      | HoaS the Demigod Hunter began the quest for the Orb.
     0 | D:1      | Reached XP level 1. HP: 17/17 MP: 3/3
    48 | D:1      | Reached skill level 4 in Ranged Weapons
   129 | D:1      | Found Juusutio's Weapon Shop.
   131 | D:1      | Reached XP level 2. HP: 24/24 MP: 4/4
   784 | D:2      | Reached XP level 3. HP: 29/29 MP: 5/5
   881 | D:2      | Reached skill level 5 in Ranged Weapons
  1157 | D:3      | Reached XP level 4. HP: 36/36 MP: 6/6
  1158 | D:3      | Identified a scroll of acquirement
  1158 | D:3      | Acquired a manual of Ranged Weapons
  1279 | D:3      | Reached skill level 6 in Ranged Weapons
  1608 | D:3      | Noticed Terence
  1646 | D:3      | Killed Terence
  1756 | D:3      | Noticed Ijyb
  1775 | D:3      | Reached XP level 5. HP: 37/41 MP: 7/7
  1779 | D:3      | Killed Ijyb
  1823 | D:3      | Reached skill level 7 in Ranged Weapons
  2211 | D:4      | Noticed Sigmund
  2227 | D:4      | Killed Sigmund
  2228 | D:4      | Reached skill level 8 in Ranged Weapons
  2228 | D:4      | Reached XP level 6. HP: 48/48 MP: 8/8
  2256 | D:4      | Noticed Natasha
  2262 | D:4      | Killed Natasha
  2263 | D:4      | Reached skill level 9 in Ranged Weapons
  2293 | D:4      | Found Ohiraef's CLEARANCE SALE!.
  2446 | D:4      | Noticed Duvessa
  2446 | D:4      | Noticed Dowan
  2464 | D:4      | Killed Duvessa
  2466 | D:4      | Killed Dowan
  2467 | D:4      | Reached skill level 10 in Ranged Weapons
  2473 | D:4      | Noticed Natasha
  2494 | D:5      | Entered Level 5 of the Dungeon
  2505 | D:5      | Reached XP level 7. HP: 52/53 MP: 9/9
  2529 | D:5      | Noticed Eustachio
  2540 | D:5      | Killed Eustachio
  2541 | D:5      | Reached skill level 11 in Ranged Weapons
  2774 | D:5      | Found a staircase to the Ecumenical Temple.
  3232 | D:5      | Reached skill level 12 in Ranged Weapons
  3744 | D:6      | Reached XP level 8. HP: 7/60 MP: 10/10
  3915 | D:6      | Reached skill level 13 in Ranged Weapons
  4206 | D:4      | Killed Natasha
  4294 | D:1      | Bought a +1 heavy arbalest for 166 gold pieces
  4957 | D:6      | Reached skill level 14 in Ranged Weapons
  5970 | D:7      | Reached XP level 9. HP: 67/67 MP: 11/11
  6212 | D:8      | Reached skill level 15 in Ranged Weapons
  6278 | D:8      | Found a sand-covered staircase.
  6288 | Ossuary  | Entered an ossuary
  6557 | Ossuary  | Noticed Menkaure
  6558 | Ossuary  | Killed Menkaure
  6960 | D:8      | Reached skill level 16 in Ranged Weapons
  7154 | D:8      | Found a staircase to the Lair.
  7616 | D:9      | Noticed Maurice
  7620 | D:9      | Killed Maurice
  7621 | D:9      | Reached XP level 10. HP: 73/73 MP: 13/13
  7952 | D:9      | Found Esuna's Antique Armour Boutique.
  8005 | D:9      | Reached skill level 17 in Ranged Weapons
  8078 | D:9      | Found a runed translucent gate.
  8078 | D:9      | Found a runed translucent gate.
  8078 | D:9      | Found a runed translucent gate.
  8078 | D:9      | Noticed p0werm0de's ghost (novice DrFi)
  8438 | Lair:1   | Entered Level 1 of the Lair of Beasts
  9038 | Lair:1   | Reached skill level 18 in Ranged Weapons
  9217 | Lair:1   | Reached skill level 5 in Fighting
  9217 | Lair:1   | Reached skill level 5 in Dodging
  9217 | Lair:1   | Reached XP level 11. HP: 89/89 MP: 14/14
  9218 | Lair:1   | Reached XP level 12. HP: 101/101 MP: 15/15
  9525 | Lair:1   | You fall into a shaft and drop 1 floor!
  9527 | Lair:2   | Reached XP level 13. HP: 108/108 MP: 16/16
  9580 | Lair:2   | Found a gate leading to a gauntlet.
  9624 | Gauntlet | Entered a Gauntlet
  9624 | Gauntlet | Found a transporter.
  9624 | Gauntlet | Found a transporter.
  9624 | Gauntlet | Found a runed translucent gate.
  9624 | Gauntlet | Found a runed translucent gate.
  9624 | Gauntlet | Found a runed translucent gate.
  9632 | Gauntlet | Found a transporter.
  9636 | Gauntlet | Found a transporter.
  9644 | Gauntlet | Found a transporter.
  9648 | Gauntlet | Found a transporter.
  9652 | Gauntlet | Found a runed translucent door.
  9652 | Gauntlet | Found a runed translucent door.
  9656 | Gauntlet | Found a transporter.
  9673 | Gauntlet | Found a transporter.
  9687 | Gauntlet | Found a transporter.
  9691 | Gauntlet | Found a transporter.
  9699 | Gauntlet | Found a transporter.
  9703 | Gauntlet | Found a transporter.
  9852 | Gauntlet | Identified the +1 ring mail of Past Mistakes {rF++ Str+7
                  | Int-3}
  9977 | Gauntlet | Identified the +7 dagger of Fimbulwinter {elec, Dex+3}
  9978 | Gauntlet | Identified the amulet "Giuqel" {RegenMP Will+}
  9985 | Gauntlet | Noticed a minotaur
  9990 | Gauntlet | Killed a minotaur
 10026 | Gauntlet | Identified the +1 mace of the Vulture {freeze, rF- rC+
                  | Int+7}
 10027 | Gauntlet | Got the Directory of Burnt Gloom
 10113 | Lair:2   | Noticed Amaemon
 10119 | Lair:2   | Killed Amaemon
 10203 | Lair:2   | Noticed Gastronok
 10208 | Lair:2   | Killed Gastronok
 10435 | Lair:2   | Reached skill level 10 in Fighting
 10439 | Lair:2   | Reached skill level 10 in Dodging
 10931 | Lair:3   | Found a staircase to the Shoals.
 11231 | Lair:3   | Found a staircase to the Snake Pit.
 11732 | Lair:4   | Found a staircase to the Slime Pits.
 12732 | Lair:5   | Entered Level 5 of the Lair of Beasts
 12812 | Lair:5   | Reached XP level 14. HP: 118/125 MP: 17/17
 13472 | Lair:5   | Found a one-way gate to the infinite horrors of the Abyss.
 13998 | D:9      | Killed p0werm0de's ghost
 14028 | D:10     | Entered Level 10 of the Dungeon
 14632 | D:11     | Found Xaplo's Assorted Antiques.
 15519 | D:12     | You fall into a shaft and drop 2 floors!
 15711 | D:12     | Found a staircase to the Orcish Mines.
 16196 | Orc:1    | Entered Level 1 of the Orcish Mines
 16443 | Orc:1    | Noticed an orc warlord
 16449 | Orc:1    | Found Qapratzu's General Store.
 16454 | Orc:1    | Gained mutation: Armour fits poorly on your strangely
                  | shaped body. [a neqoxec]
 16456 | Orc:1    | Gained mutation: You are dopey. (Int -2) [a neqoxec]
 16467 | Orc:1    | Gained mutation: You occasionally lose the ability to drink
                  | potions when taking damage. [a neqoxec]
 16483 | Orc:1    | Slain by an orc warlord

Illustrated notes

Levels and vault maps discovered:
D:1:      minmay_arrival_jagged, layout_loops_ring, serial_shops,
          nicolae_shop_bloodbath_and_beyond
D:2:      layout_rooms
D:3:      layout_loops_ring, uniq_ijyb, uniq_terence
D:4:      layout_gridville, kennysheep_little_box,
          gammafunk_temple_overflow_statue, nicolae_shop_clearance,
          uniq_sigmund, uniq_duvessa, uniq_natasha
D:5:      layout_basic, minmay_temple_entry_grid, kennysheep_diamond,
          uniq_eustachio
D:6:      layout_basic
D:7:      layout_loops_ring, nrook_mini_vaults
D:8:      layout_cave_pools, erik_lair_island, nicolae_ossuary_entry_monument
D:9:      layout_roguey, lightli_temple_of_fire,
          nicolae_yredelemnul_ghost_church, serial_shops, nicolae_square_shop,
          minmay_splitting_lines, uniq_maurice
D:10:     layout_roguey, nicolae_qazlal_general_emergency
D:11:     layout_stronghold, serial_shops, shop
D:12:     layout_small_grid, david_orc_3
D:13:     layout_rooms, erik_vaults_1
D:14:     layout_basic, nicolae_ru_sacrificial_ziggurat, guppyfry_shop_venom
Lair:1:   layout_cave_pods
Lair:2:   layout_hall_layers, basic_altar, gauntlet_entry_generic,
          chequers_serial_rivers_large_b, columned_hall_lemuel, uniq_amaemon,
          uniq_gastronok
Lair:3:   layout_regular_city, nicolae_shoals_entry_roost,
          nicolae_snake_entry_squirm, chequers_serial_rivers_micro_b,
          minivault_24, grunt_megastairs_2
Lair:4:   layout_cellular_growth, slime_entry_1, wad_woods_river_04,
          grunt_megastairs_1
Lair:5:   hellmonk_lair_end_abyssal_woods, layout_regular_city,
          nicolae_quartered_pool_super, nicolae_lair_lil_pond
Orc:1:    layout_caves, serial_shops, nicolae_square_shop, basic_altar,
          minmay_orc_temple_a

Skill      XL: |  1  2  3  4  5  6  7  8  9 10 11 12 13 14 |
---------------+-------------------------------------------+-----
Ranged Weapons | 4 5 6 8 10 12 14 16 18 | 18.0
Fighting       | 5 7 8 11 13 | 13.7
Dodging        | 5 7 8 11 13 | 13.6
Stealth        | |  0.8

Action                     |  1- 3 |  4- 6 |  7- 9 | 10-12 | 13-15 || total
---------------------------+-------+-------+-------+-------+-------++-------
  Melee: Unarmed           |       |    17 |       |       |       ||    17
   Fire: Shortbow          |   122 |   150 |   131 |       |       ||   403
         Arbalest          |       |       |   190 |    97 |   596 ||   883
    Use: Scroll            |     5 |     6 |    11 |     1 |     9 ||    32
         Potion            |       |       |     1 |     2 |     1 ||     4
   Stab: Confused          |       |     3 |       |       |       ||     3
 Armour: Leather armour    |    14 |    31 |    80 |    31 |    74 ||   230
         Skin              |       |     2 |       |       |       ||     2
  Dodge: Dodged            |    31 |    70 |    87 |    38 |   445 ||   671

Table legend: (Time is in decaauts)
 A = Elapsed time spent in this place.
 B = Non-inter-level travel time spent in this place.
 C = Inter-level travel time spent in this place.
 D = Time resting spent in this place.
 E = Time spent auto-exploring this place.
 F = Levels seen in this place.
 G = Mean time per level.
                   A        B        C        D        E       F      G
               +--------+--------+--------+--------+--------+-----+--------+
         Total |  17086 |  16038 |   1048 |   3084 |   9538 |  22 |  776.6 |
       Dungeon |  10506 |   9694 |    812 |   1652 |   6248 |  14 |  750.4 |
          Lair |   5294 |   5060 |    234 |   1072 |   2859 |   5 | 1058.8 |
  Orcish Mines |    294 |    294 |      0 |    200 |     24 |   1 |  294.0 |
       Ossuary |    525 |    525 |      0 |    123 |    246 |   1 |  525.0 |
      Gauntlet |    465 |    465 |      0 |     36 |    160 |   1 |  465.0 |
               +--------+--------+--------+--------+--------+-----+--------+

Top non-repeatable levels by time:
     D:5: 1340 daAuts
  Lair:4: 1321 daAuts
     D:9: 1238 daAuts
     D:7: 1139 daAuts
  Lair:1: 1125 daAuts
     D:3: 1107 daAuts
  Lair:5: 1104 daAuts
     D:6: 1089 daAuts
  Lair:3: 1022 daAuts
    D:11: 977 daAuts
     D:1: 779 daAuts
     D:8: 723 daAuts
  Lair:2: 720 daAuts
    D:12: 685 daAuts
    D:10: 532 daAuts
